 Dungeon Crawl Stone Soup version 0.30.1-11-g7821555f0a (webtiles) character file.

Game seed: 8554324307788763477

892245 Ijustatesigmund the Petrodigitator (level 27, 0/190 HPs)
             Began as a Gargoyle Earth Elementalist on Nov 8, 2023.
             Was the Champion of Vehumet.
             Killed from afar by a Hell Sentinel (41 damage)
             ... with damnation
             ... on level 7 of the Iron City of Dis on Nov 14, 2023.
             The game lasted 07:34:35 (131809 turns).

Ijustatesigmund the Petrodigitator (GrEE)         Turns: 131809, Time: 07:34:35

Health: 0/190      AC: 36    Str: 15 (18) XL:     27
Magic:  20/59      EV: 18    Int: 23 (30) God:    Vehumet [******]
Gold:   7409       SH: 17    Dex: 16      Spells: 2/73 levels left

rFire   + . .        D - +11 flail of War {flame, Contam rN+ SInv Stlth+}
rCold   + + +        n - +3 kite shield {rC+}
rNeg    + + +        a - +1 acid dragon scales
rPois   ∞            t - +2 helmet {Int+3}
rElec   +            E - scarf {rC+ rF+}
rCorr   +            p - +2 pair of gloves {Stlth+}
SInv    +            m - +1 pair of boots of Asceticism {Str+3}
Will    +++..        e - amulet of regeneration
Stlth   ++++++       S - ring "Jiygul" {MP+9 Dex+6}
HPRegen 1.31/turn    T - ring "Saahoimm" {+Blink rC+ rN+ Will+ AC+4}
MPRegen 0.36/turn

%: no passive effects
@: corroded, flying, very slightly contaminated
A: sickness immunity, AC +20, big wings, negative energy resistance 1,
electricity resistance, torment resistance 1, petrification resistance,
iridescent scales 1, mutation resistance 1
}: 6/15 runes: barnacled, slimy, obsidian, icy, bone, gossamer
a: Renounce Religion, Evoke Blink


You were on level 7 of the Iron City of Dis.
You worshipped Vehumet.
Vehumet was exalted by your worship.
You visited 18 branches of the dungeon, and saw 81 of its levels.
You visited the Abyss 2 times.
You visited 1 bazaar.
You also visited: Sewer, Gauntlet and Ice Cave.

You collected 10472 gold pieces.
You spent 3063 gold pieces at shops.

Inventory:

Hand Weapons
 d - the +10 morningstar "Eos" {elec, Halo rElec}
   (You took it off Antaeus on level 7 of Cocytus)

   Halo:      It grants its wielder a halo, revealing invisible creatures and
   increasing accuracy against all within it other than the wielder.
   rElec:     It insulates you from electricity.
 D - the +11 flail of War (weapon) {flame, Contam rN+ SInv Stlth+}
   (You took it off a deep elf annihilator on level 3 of the Elven Halls)

   rN:        It protects you from negative energy.
   SInv:      It lets you see invisible.
   Contam:    It causes magical contamination when unequipped.
   Stlth:     It makes you more stealthy.
Armour
 a - +1 acid dragon scales (worn)
 l - a +2 robe of the Archmagi
 m - the +1 pair of boots of Asceticism (worn) {Str+3}
   (You bought it in a shop on level 1 of the Shoals)

   Str:       It affects your strength (+3).
 n - a +3 kite shield of cold resistance (worn)
 p - a +2 pair of gloves of stealth (worn)
 t - a +2 helmet of intelligence (worn)
 E - a scarf of resistance (worn)
 J - +3 fire dragon scales
Jewellery
 e - an amulet of regeneration (around neck)
 I - a ring of wizardry
 K - the ring of Optimism {rF+ EV+5}
   (You acquired it in an ice cave)

   [ring of evasion]

   EV:        It affects your evasion (+5).
   rF:        It protects you from fire.
 N - the ring of Lixier {MP+9 Str+4 SInv}
   (You found it in a Gauntlet)

   [ring of magical power]

   Str:       It affects your strength (+4).
   MP:        It affects your magic capacity (+9).
   SInv:      It lets you see invisible.
 O - an amulet of reflection
 S - the ring "Jiygul" (left hand) {MP+9 Dex+6}
   (You found it on level 7 of Tartarus)

   [ring of magical power]

   Dex:       It affects your dexterity (+6).
   MP:        It affects your magic capacity (+9).
 T - the ring "Saahoimm" (right hand) {+Blink rC+ rN+ Will+ AC+4}
   (You bought it in a shop on level 1 of the Elven Halls)

   [ring of protection]

   AC:        It affects your AC (+4).
   rC:        It protects you from cold.
   rN:        It protects you from negative energy.
   +Blink:    It lets you blink.
   Will:      It increases your willpower.
 Z - a ring of protection from cold
Wands
 y - a wand of polymorph (50)
 C - a wand of roots (47)
 F - a wand of quicksilver (12)
 G - a wand of digging (15)
 P - a wand of mindburst (53)
 X - a wand of charming (75)
Scrolls
 c - a scroll of magic mapping
 i - 7 scrolls of fog
 j - 21 scrolls of teleportation
 k - a scroll of blinking
 r - 3 scrolls of poison
 w - 6 scrolls of fear
 H - 3 scrolls of enchant weapon
 L - a scroll of summoning
 M - 41 scrolls of identify
 Q - 9 scrolls of torment
 U - 7 scrolls of immolation
 W - 11 scrolls of amnesia
 Y - 9 scrolls of silence
Potions
 b - 7 potions of magic
 f - 2 potions of might
 g - 3 potions of cancellation
 h - 5 potions of haste
 q - 2 potions of invisibility
 s - 6 potions of heal wounds
 u - 8 potions of ambrosia
 v - 14 potions of attraction
 x - 9 potions of brilliance
 z - 21 potions of curing
 A - 14 potions of lignification
 B - 15 potions of mutation
 R - 2 potions of berserk rage
 V - 5 potions of resistance
Miscellaneous
 o - a phantom mirror


   Skills:
 - Level 24.2 Fighting
 - Level 18.3 Maces & Flails
 - Level 16.3 Armour
 + Level 13.6 Dodging
 - Level 10.6 Stealth
 - Level 15.5 Shields
 - Level 23.6 Spellcasting
 - Level 24.0 Conjurations
 + Level 12.9 Necromancy
 - Level 2.6 Translocations
 - Level 1.5 Transmutations
 - Level 9.0 Fire Magic
 - Level 9.8 Ice Magic
 - Level 9.2 Air Magic
 O Level 27 Earth Magic
 - Level 11.4 Evocations


You had 2 spell levels left.
You knew the following spells:

 Your Spells              Type           Power      Damage    Failure   Level
a - Lehudib's Crystal Sp  Conj/Erth      49%        10d12     1%          8
b - Stone Arrow           Conj/Erth      100%       3d13      0%          3
c - Fireball              Conj/Fire      40%        3d16      1%          5
d - Lee's Rapid Deconstr  Erth           50%        3d24*     0%          5
e - Passwall              Tmut/Erth      62%        N/A       0%          2
f - Freezing Cloud        Conj/Ice/Air   38%        6-21      1%          5
g - Apportation           Tloc           78%        N/A       1%          1
h - Irradiate             Conj/Tmut      36%        3d23      1%          5
i - Iskenderun's Mystic   Conj/Tloc      73%        2d15      1%          4
j - Starburst             Conj/Fire      40%        6d11      1%          6
k - Iron Shot             Conj/Erth      49%        9d9       0%          6
l - Shatter               Erth           50%        3d38*     1%          9
m - Swiftness             Air            63%        N/A       1%          3
n - Blink                 Tloc           78%        N/A       1%          2
o - Ozocubu's Armour      Ice            64%        N/A       1%          3
p - Dispel Undead         Necr           72%        3d24      1%          4

Your spell library contained the following spells:

 Spells                   Type           Power      Damage    Failure   Level
 Polar Vortex             Ice            32%        N/A       100%        9
 Foxfire                  Conj/Fire      100%       2x1d9     0%          1
 Magic Dart               Conj           100%       1d8       0%          1
 Necrotise                Necr           100%       1d9       0%          1
 Sandblast                Erth           100%       2d20      0%          1
 Shock                    Conj/Air       100%       1d9       0%          1
 Momentum Strike          Conj/Tloc      100%       3d10      0%          2
 Searing Ray              Conj           100%       2d8       0%          2
 Beastly Appendage        Tmut           68%        N/A       1%          1
 Freeze                   Ice            100%       1d10      1%          1
 Ensorcelled Hibernation  Hex/Ice        98%        N/A       1%          2
 Lesser Beckoning         Tloc           78%        N/A       1%          2
 Poisonous Vapours        Pois/Air       96%        N/A       1%          2
 Scorch                   Fire           100%       2d9       1%          2
 Sting                    Tmut/Pois      100%       1d8       2%          1
 Wereblood                Tmut           34%        N/A       2%          2
 Slow                     Hex            100%       N/A       3%          1
 Summon Small Mammal      Summ           100%       N/A       3%          1
 Call Imp                 Summ           54%        N/A       4%          2
 Hailstorm                Conj/Ice       81%        3d16      0%          3
 Iskenderun's Battlesphe  Conj           95%        2d14      0%          5
 Dazzling Flash           Conj/Hex       100%       N/A       1%          3
 Frozen Ramparts          Ice            100%       1d16      1%          3
 Ignite Poison            Fire/Tmut/Pois 43%        N/A       1%          3
 Inner Flame              Hex/Fire       47%        N/A       1%          3
 Mephitic Cloud           Conj/Pois/Air  67%        N/A       1%          3
 Vampiric Draining        Necr           72%        2d11      1%          3
 Vhi's Electric Charge    Tloc/Air       100%       N/A       1%          3
 Volatile Blastmotes      Fire/Tloc      100%       2d18      1%          3
 Airstrike                Air            31%        2d(5-21)  1%          4
 Anguish                  Hex/Necr       27%        N/A       1%          4
 Animate Armour           Summ/Erth      100%       N/A       1%          4
 Animate Dead             Necr           72%        N/A       1%          4
 Flame Wave               Conj/Fire      80%        2d17      1%          4
 Fulminant Prism          Conj/Hex       35%        3d18      1%          4
 Leda's Liquefaction      Hex/Erth       36%        N/A       1%          4
 Petrify                  Tmut/Erth      75%        N/A       1%          4
 Sticky Flame             Conj/Fire      80%        2d9       1%          4
 Agony                    Necr           72%        N/A       1%          5
 Arcjolt                  Conj/Air       40%        1d50      1%          5
 Borgnjor's Vile Clutch   Necr/Erth      43%        N/A       1%          5
 Conjure Ball Lightning   Conj/Air       40%        3x3d13    1%          6
 Orb of Destruction       Conj           47%        9d12      1%          7
 Ice Form                 Ice/Tmut       52%        N/A       2%          4
 Death Channel            Necr           36%        N/A       2%          6
 Gell's Gravitas          Tloc           39%        N/A       3%          3
 Teleport Other           Tloc           39%        N/A       3%          3
 Plasma Beam              Fire/Air       31%        2x1d48    3%          6
 Portal Projectile        Hex/Tloc       66%        N/A       4%          3
 Summon Lightning Spire   Summ/Air       48%        N/A       4%          4
 Simulacrum               Ice/Necr       34%        N/A       4%          6
 Spellforged Servitor     Conj/Summ      35%        N/A       5%          7
 Spider Form              Tmut/Pois      30%        N/A       6%          3
 Call Canine Familiar     Summ           27%        N/A       9%          3
 Confusing Touch          Hex            27%        N/A       9%          3
 Summon Guardian Golem    Hex/Summ       27%        N/A       9%          3
 Tukima's Dance           Hex            27%        N/A       9%          3
 Olgreb's Toxic Radiance  Pois           27%        N/A       9%          4
 Manifold Assault         Tloc           39%        N/A       10%         4
 Metabolic Englaciation   Hex/Ice        24%        N/A       11%         5
 Silence                  Hex/Air        24%        N/A       12%         5
 Yara's Violent Unravell  Hex/Tmut       15%        3d8       16%         5
 Cause Fear               Hex            13%        N/A       30%         4
 Blade Hands              Tmut           17%        N/A       41%         5
 Summon Forest            Summ/Tloc      16%        N/A       43%         5
 Eringya's Noxious Bog    Tmut/Pois      15%        N/A       58%         6
 Chain Lightning          Conj/Air       40%        3d54      58%         9
 Fire Storm               Conj/Fire      40%        8d10      61%         9
 Summon Mana Viper        Hex/Summ       27%        N/A       63%         5
 Infestation              Necr           36%        N/A       67%         8
 Maxwell's Capacitive Co  Air            31%        ∞         69%         8
 Ignition                 Fire           31%        3d10      71%         8
 Dispersal                Tloc           19%        N/A       83%         6
 Haunt                    Necr/Summ      27%        N/A       87%         7
 Storm Form               Tmut/Air       25%        N/A       95%         7
 Summon Cactus Giant      Summ           13%        N/A       99%         6
 Dragon Form              Tmut           17%        N/A       100%        7
 Enfeeble                 Hex            13%        N/A       100%        7
 Malign Gateway           Summ/Tloc      16%        N/A       100%        7
 Summon Hydra             Summ           13%        N/A       100%        7
 Discord                  Hex            13%        N/A       100%        8
 Disjunction              Tloc           19%        N/A       100%        8
 Summon Horrible Things   Summ           13%        N/A       100%        8
 Death's Door             Necr           36%        N/A       100%        9
 Cigotuvi's Dreadful Rot  Necr/Pois/Air  Unusable   N/A       N/A         2
 Sublimation of Blood     Necr           Unusable   N/A       N/A         2

Dungeon Overview and Level Annotations

Branches:
Dungeon (15/15)            Temple (1/1) D:6            Lair (5/5) D:9
 Shoals (4/4) Lair:2       Spider (4/4) Lair:3        Slime (5/5) Lair:5
    Orc (2/2) D:11            Elf (3/3) Orc:2        Vaults (4/5) D:14
  Crypt (3/3) Vaults:2       Tomb (1/3) Crypt:3      Depths (4/4) D:15
   Hell (visited)             Dis (7/7) Hell            Geh (7/7) Hell
    Coc (7/7) Hell            Tar (7/7) Hell            Zot (1/5) Depths:4
  Sewer (visited)           IceCv (visited)         Gauntlet (visited)

Altars:
Ashenzari
Cheibriados
Dithmenos
Elyvilon
Fedhas
Gozag
Hepliaklqana
Kikubaaqudgha
Makhleb
Nemelex Xobeh
Okawaru
Qazlal
Ru
Sif Muna
Trog
Uskayaw
Vehumet
Wu Jian
Xom
Yredelemnul
Zin
The Shining One
Jiyva
Lugonu

Shops:
D:1 [   D:3 :   D:4 [!   Orc:2 :[**   Elf:1 :==   Elf:2 ?   Shoals:1 [[*[*
Vaults:1 [   Vaults:2 [   Vaults:4 :   Depths:1 [*   Depths:4 [

Portals:
Hell: Depths:1 Depths:2 Depths:3 Depths:4
Abyss: Depths:1 Depths:2 Depths:3
Pandemonium: Depths:2 Depths:4
Ziggurat: Depths:1

Annotations:
Shoals:3 6 transporters
Depths:1 2 transporters
Depths:3 1 runed translucent door


Innate Abilities, Weirdness & Mutations

You are immune to sickness and miasma.
Your stone body is resilient. (AC +20)
You are immune to poison.
Your large and strong wings let you fly.
You resist negative energy. (rN+)
You are resistant to electric shocks. (rElec)
You are resistant to unholy torment.
You are immune to petrification.
You are partially covered in iridescent scales. (AC +2)
You are somewhat resistant to further mutation.


Message History

Confirm with . or Enter, or press ? or * to list all spells.
You erupt in a blast of force!
The mystic blast hits the Hell Sentinel!
The Hell Sentinel is lightly wounded.
The Hell Sentinel is knocked back by the mystic blast.
The mystic blast hits the caustic shrike!
You kill the caustic shrike!
Vehumet accepts your kill.
You feel your power returning.
The mystic blast hits the caustic shrike!!
The caustic shrike is heavily wounded.
The caustic shrike is knocked back by the mystic blast.
The mystic blast hits the caustic shrike!
The caustic shrike is almost dead.
The caustic shrike is knocked back by the mystic blast.
The mystic blast hits the caustic shrike!
The caustic shrike is moderately wounded.
The caustic shrike is knocked back by the mystic blast.
The mystic blast hits the caustic shrike but does no damage.
The caustic shrike is moderately wounded.
The mystic blast hits the caustic shrike.
The caustic shrike is lightly wounded.
The caustic shrike is knocked back by the mystic blast.
The caustic shrike slams into the metal wall!
The caustic shrike is lightly wounded.
You block the caustic shrike's attack. The caustic shrike claws you.
* * * LOW HITPOINT WARNING * * *
You are splashed with acid.
You resist.
* * * LOW HITPOINT WARNING * * *
You feel your intelligence returning.
As you read the scroll of fear, it crumbles to dust.
You assume a fearsome visage.
The caustic shrike resists with almost no effort.
The caustic shrike looks frightened!
The Hell Sentinel is unaffected.
The caustic shrike looks frightened! x3; The caustic shrike easily resists.
Your surroundings suddenly seem different. 2 Hell Sentinels come into view.
The Hell Sentinel gestures at you.
The sphere of damnation explodes!
The damnation engulfs you!!!
You die...

**,,,,*,,,,,,*,,**+***,+,,,,,*
,*,****,,,,,,*,,*,,,,*,*,,,,,*
,*,+,,*,,,,,,*,,*,,,,*,*,,,,,*
,*,*,,*,,,,,,*,,*,,,,*,*,,,,,*
,*****************************
**,,,,,,,,,,,,,,,,,,,,,,,,,,,*
,*,,,,,,,,,,,,,,,,,,,,,,,,,,,*
,*,,,,,,,#''#######++#,,,,,,,*
,*,,,,,,,#......@....#,,,,,,,*
**,,,,,,,###.......###,,,,,,,*
**,,...,,#...........#,,,,,,,*
,*,,..#.*#.1.........#***,,,,*
,*,.....,...#######....,*,,,,*
,#,...#),1.,*,,,,,*.....*,,,,*
#.......,#***,,,,,**##..*,,,,*
.#..).#,.#,,,,,,,,,,,*..*,,,,*
......#..#,,,,,,,,,,,*,,*,,,,*


You could see 2 Hell Sentinels.

Vanquished Creatures
  Ereshkigal (Tar:7)
  the Royal Jelly (Slime:5)
  the Serpent of Hell (Tar:7)
  9 dread liches
  5 ancient liches
  4 juggernauts
  21 royal mummies (Tomb:1)
  Sojobo (Crypt:3)
  Bai Suzhen (Depths:1)
  Saint Roka (Depths:1)
  25 shard shrikes
  The ghost of Bajoiraifu the Wrestler, an adept TrCK of Xom (Depths:3)
  Geryon (Hell)
  25 caustic shrikes
  Nikola (Spider:3)
  5 golden dragons
  Arachne (Spider:3)
  9 profane servitors
  16 doom hounds
  27 bone dragons
  16 Tzitzimimeh
  9 Brimstone Fiends
  9 iron giants
  Rupert (Lair:4)
  Jorgrun (Shoals:2)
  6 tentacled monstrosities
  13 Hell Sentinels
  Grunn (Zot:1)
  Asterion (Depths:1)
  2 spectral shard shrikes
  12 liches
  20 tainted leviathans
  18 hellephants
  8 titans
  3 deep elf blademasters
  22 Ice Fiends
  2 walking earthen tomes
  4 deep elf master archers (Elf:3)
  21 searing wretches
  A walking divine tome (Depths:3)
  A quicksilver dragon (Vaults:3)
  12 sphinxes
  16 acid blobs
  4 tentacled starspawn
  An Executioner (Abyss:2)
  Polyphemus (Shoals:3)
  2 krakens (Shoals:3)
  A death cob (Zot:1)
  Gastronok (D:10)
  10 tengu reavers
  Agnes (Spider:4)
  A shadow dragon (Depths:3)
  26 ancient champions
  Kirke (Lair:4)
  17 rockslimes
  4 storm dragons
  24 narguns
  6 revenants
  24 azure jellies
  Ilsuiw (Shoals:3)
  13 vault wardens
  3 emperor scorpions (Spider:4)
  A draconian knight (Zot:1)
  10 deep elf sorcerers
  18 fire giants
  9 draconian monks
  5 quicksilver elementals
  14 frost giants
  8 curse skulls
  31 balrugs
  A spectral caustic shrike (Tar:5)
  An iron dragon (Hell)
  13 ghouls
  2 ghost moths
  A juggernaut zombie (Hell)
  12 shard shrike simulacra
  5 draconian shifters
  A spectral juggernaut (Tar:2)
  2 draconian scorchers
  6 deep elf elementalists (Elf:3)
  A cacodemon (Hell)
  The ghost of laros the Fencer, a journeyman MiBe of Trog (Depths:1)
  5 orc warlords
  2 draconian stormcallers (Zot:1)
  17 war gargoyles
  17 very ugly things
  17 ironbound preservers
  A caustic shrike skeleton (Crypt:3)
  23 stone giants
  14 reapers
  17 quicksilver oozes
  7 spriggan defenders
  4 draconian annihilators
  6 ironbound thunderhulks
  9 broodmothers
  6 black draconians
  28 elemental wellsprings
  6 deep elf demonologists
  4 bennus
  18 putrid mouths
  A lorocyproca (Hell)
  9 vampire knights
  5 yellow draconians
  2 red draconians
  4 green draconians
  10 dire elephants
  8 deep elf annihilators
  8 spark wasps
  5 purple draconians (Zot:1)
  17 wendigos
  7 ettins
  A minotaur (Gauntlet)
  4 white draconians
  9 iron golems
  9 eidola
  A green death (Depths:4)
  9 deep elf death magi
  6 jiangshi
  4 merfolk javelineers
  4 spectral elves (Elf:1)
  4 blizzard demons
  8 deep elf high priests
  17 merfolk impalers
  2 spectral quicksilver dragons
  6 entropy weavers
  11 mummy priests (Tomb:1)
  A crystal guardian (Abyss:3)
  A spectral iron giant (Tar:2)
  Josephine (Shoals:1)
  4 fire dragons
  14 caustic shrike simulacra
  A spectral spriggan (Tar:3)
  8 vault guards (Vaults:3)
  11 great orbs of eyes
  2 peacekeepers
  Fannar (Lair:3)
  Erolcha (D:13)
  5 spriggan air magi
  14 yaktaur captains
  6 juggernaut simulacra
  4 hydras
  10 rakshasas
  An ogre mage (Crypt:1)
  3 spriggan zombies
  14 ice dragons
  4 salamander tyrants
  3 hell beasts (Coc:5)
  8 ironbound frosthearts
  A fenstrider witch skeleton (Crypt:3)
  4 death knights
  7 jorogumos
  6 merfolk avatars (Shoals:4)
  The ghost of Tali the Cleaver, a journeyman DsCK of Xom (Lair:1)
  7 stokers
  An anaconda (shapeshifter) (Depths:4)
  24 centaur warriors
  9 merfolk aquamancers
  44 dancing weapons
  2 catoblepae
  12 boulder beetles
  A catoblepas (shapeshifter) (Elf:3)
  3 deep troll shamans
  A spectral stone giant (Tar:2)
  An alligator snapping turtle (Shoals:3)
  7 deep troll earth magi
  7 tengu warriors
  6 satyrs
  11 death yaks
  5 orc high priests
  37 hell hogs
  10 vampire magi
  3 thrashing horrors
  A quicksilver ooze zombie (Crypt:3)
  14 deep elf knights
  5 spriggan berserkers
  22 hell knights
  3 iron trolls
  11 soul eaters
  8 sun demons
  6 crystal echidnas
  7 wretched stars
  Amaemon (D:11)
  71 skeletal warriors
  3 sixfirhies
  3 pharaoh ants
  2 spatial maelstroms (Abyss:3)
  A death drake (shapeshifter) (Elf:1)
  13 skysharks
  31 shadow wraiths
  A storm dragon skeleton (Crypt:3)
  2 sun moths (Spider:4)
  12 sea snakes
  A spectral bunyip (Tar:2)
  A bunyip skeleton (Crypt:3)
  10 orb spiders
  6 quicksilver dragon simulacra
  3 anaconda skeletons
  8 bog bodies
  7 flayed ghosts
  A spectral iron dragon (Tar:4)
  11 deep elf archers
  2 kraken simulacra
  8 glowing orange brains
  22 starcursed masses
  40 deep trolls
  Pikel (D:9)
  18 ironbound convokers
  A sphinx zombie (Crypt:2)
  12 phantasmal warriors
  15 lindwurms
  A golden dragon skeleton (Tar:7)
  20 harpies
  31 deep elf zephyrmancers
  8 steelbarb worms
  8 wizards
  A mana viper (Abyss:2)
  12 necromancers
  An oklob plant (Shoals:4)
  A will-o-the-wisp (Abyss:2)
  A shadow dragon skeleton (Crypt:2)
  41 deep elf pyromancers
  An orc sorcerer (Orc:2)
  11 orc knights
  2 worldbinders (Abyss:2)
  39 ugly things
  9 cyclopes
  16 manticores
  19 wolf spiders
  8 shining eyes
  18 fauns
  A spectral ettin (Tar:4)
  9 moths of wrath
  A frost giant skeleton (Vaults:3)
  A spectral centaur (Tar:2)
  3 torpor snails
  18 merfolk sirens
  3 stone giant skeletons
  2 rust devils (Hell)
  6 ice statues
  A dire elephant zombie (Tar:7)
  4 water nymphs
  A guardian serpent (Abyss:3)
  8 vault sentinels
  A centaur zombie (Hell)
  3 molten gargoyles (Hell)
  6 demonic crawlers
  9 black mambas
  3 eyes of devastation
  4 orange demons
  7 smoke demons
  Maurice (D:9)
  12 cane toads
  A shock serpent skeleton (Crypt:1)
  7 titan simulacra
  7 centaur skeletons
  2 dire elephant skeletons
  20 hellions
  Maggie (D:7)
  27 yaktaurs
  9 unseen horrors
  2 alligator snapping turtle skeletons
  4 efreet
  4 kobold demonologists
  A swamp worm zombie (Crypt:1)
  An orb spider zombie (Crypt:2)
  3 bunyip simulacra
  2 rime drakes (shapeshifter)
  11 freezing wraiths
  A yaktaur zombie (Vaults:3)
  4 anaconda simulacra
  11 rime drakes
  A sea snake zombie (Hell)
  4 ice devils
  10 komodo dragons
  19 tormentors
  A red draconian skeleton (Crypt:2)
  3 golden dragon simulacra
  8 trolls
  2 iron giant simulacra (Coc:7)
  A green draconian skeleton (Crypt:3)
  8 guardian mummies (Tomb:1)
  A hydra zombie (Hell)
  5 tengu conjurers
  4 spectral harpies
  A silent spectre (Tar:7)
  A queen bee (shapeshifter) (D:14)
  2 meliai (Spider:4)
  4 ancient zymes
  A meliai (shapeshifter) (Depths:1)
  12 polar bears
  A queen bee (Gauntlet)
  A sea snake skeleton (Hell)
  A hellwing (Abyss:2)
  A red devil (Depths:4)
  40 merfolk
  5 wind drakes
  7 harpy skeletons
  A guardian serpent zombie (Crypt:2)
  10 dream sheep
  A hornet (Lair:2)
  20 tarantellas
  A hydra skeleton (Crypt:3)
  3 stone giant simulacra
  A human simulacrum (Vaults:3)
  21 blink frogs
  A moth of wrath zombie (Crypt:1)
  24 raiju
  2 alligator zombies
  A death drake skeleton (Crypt:2)
  An ettin zombie (Crypt:2)
  2 iron dragon simulacra
  10 snapping turtles
  15 small abominations
  A satyr skeleton (Crypt:2)
  41 jumping spiders
  An ettin skeleton (Tar:7)
  4 air elementals
  A guardian serpent skeleton (Crypt:3)
  33 flying skulls
  10 dire elephant simulacra
  A centaur simulacrum (D:14)
  2 spriggans (Lair:2)
  24 water elementals
  17 culicivoras
  148 slime creatures
  10 wraiths
  6 wyverns
  8 fire bats
  25 large abominations
  2 fire elementals
  51 yaks
  An elf skeleton (Vaults:2)
  A vampire (D:10)
  6 ynoxinuls
  2 shadows (D:10)
  5 ushabtiu (Tomb:1)
  Eustachio (D:6)
  3 hogs (Lair:3)
  3 basilisks
  A black mamba skeleton (Crypt:3)
  43 redbacks
  4 steam dragons
  7 golden eyes
  4 death yak simulacra (IceCv)
  3 chaos spawn
  A steam dragon (shapeshifter) (D:13)
  7 neqoxecs
  A two-headed ogre zombie (Crypt:3)
  22 harpy simulacra
  7 wargs
  3 swamp worms (Gauntlet)
  2 acid dragons
  18 hell hounds
  7 hydra simulacra
  Edmund (D:6)
  A naga zombie (Tar:7)
  14 water moccasins
  2 naga skeletons
  A fire bat skeleton (Crypt:1)
  2 floating eyes
  18 black bears
  A sky beast (Abyss:3)
  23 orc warriors
  4 ice beasts
  Pargi (Sewer)
  6 ettin simulacra
  2 human zombies
  49 wolves
  A boggart (Lair:1)
  16 centaurs
  8 ogres
  A blink frog zombie (Crypt:1)
  A swamp dragon skeleton (Hell)
  A hog skeleton (Crypt:2)
  2 elf simulacra (Elf:1)
  Blork the orc (D:6)
  7 kobold brigands
  An elf zombie (Crypt:2)
  A bullfrog (shapeshifter) (D:15)
  5 earth elementals
  6 two-headed ogre simulacra (IceCv)
  3 necrophages
  10 bullfrogs
  2 scorpions
  A cane toad simulacrum (IceCv)
  A glowing shapeshifter simulacrum (Vaults:2)
  A troll zombie (Crypt:2)
  16 wights
  12 killer bees
  5 spriggan skeletons
  2 electric eels
  5 howler monkeys
  2 quasits
  3 hounds
  A jelly (Abyss:3)
  2 gnoll boudas
  30 orc priests
  A black bear zombie (Crypt:2)
  An iron imp (Abyss:2)
  A sleepcap (D:6)
  4 iguanas
  27 orc wizards
  16 spriggan simulacra
  A polar bear simulacrum (IceCv)
  7 troll simulacra (IceCv)
  2 wolf simulacra (IceCv)
  A tengu zombie (Crypt:1)
  An ogre zombie (Crypt:3)
  11 mummies (Tomb:1)
  13 gnolls
  5 adders
  7 naga simulacra
  2 shadow imps
  12 white imps
  6 ufetubi
  A jelly zombie (Crypt:1)
  2 worms (D:2)
  3 dart slugs (D:3)
  75 orcs
  8 ball pythons
  8 endoplasms
  5 giant cockroaches
  A goblin (D:3)
  9 hobgoblins
  3 jackals (D:2)
  5 quokkas
  4 bats
  5 frilled lizards
  34 kobolds
  A quokka zombie (Crypt:2)
  5 rats
  A rat skeleton (Crypt:1)
  13 creeping infernos
  19 fire vortices
  A lurking horror (Abyss:3)
  4 starspawn tentacles (Abyss:2)
  3 tentacles (Shoals:3)
3586 creatures vanquished.

Vanquished Creatures (collateral kills)
  Antaeus (Coc:7)
  A rime drake (Lair:2)
  2 yaks (Lair:5)
  2 ice beasts (D:9)
6 creatures vanquished.

Vanquished Creatures (others)
  A shard shrike simulacrum (Coc:7)
  A yaktaur captain (Vaults:1)
  A juggernaut simulacrum (Coc:7)
  A merfolk aquamancer (Shoals:1)
  A sea snake (Shoals:2)
  A wizard (Vaults:2)
  A wolf spider (Spider:3)
  A komodo dragon (Lair:2)
  A troll (D:13)
  A hornet (D:10)
  A jumping spider (Spider:3)
  2 culicivoras (Spider:3)
  2 starcursed masses
  A human (Crypt:1)
  A water moccasin (Lair:5)
  A hell hound (Lair:5)
  A wolf (Lair:5)
  A killer bee (D:9)
  A creeping inferno (Geh:6)
  5 fire vortices
  6 starspawn tentacles
  9 tentacles
41 creatures vanquished.

Grand Total: 3633 creatures vanquished

Notes
Turn   | Place    | Note
-------+----------+-------------------------------------------
     0 | D:1      | Ijustatesigmund the Gargoyle Earth Elementalist began the
                  | quest for the Orb.
     0 | D:1      | Reached XP level 1. HP: 10/10 MP: 3/3
   109 | D:1      | Reached XP level 2. HP: 16/16 MP: 1/5
   182 | D:1      | Reached skill level 1 in Fighting
   260 | D:1      | Reached skill level 4 in Earth Magic
   716 | D:1      | Found a faded altar of an unknown god.
   739 | D:1      | Reached XP level 3. HP: 20/20 MP: 3/6
   743 | D:1      | Learned a level 3 spell: Stone Arrow
  1106 | D:1      | Found Figebof's Armour Shoppe.
  1451 | D:2      | Reached XP level 4. HP: 26/26 MP: 4/8
  2003 | D:2      | Reached skill level 1 in Conjurations
  2510 | D:3      | Found Uloggec's Book Emporium.
  2701 | D:3      | Reached XP level 5. HP: 30/30 MP: 7/9
  2810 | D:3      | Noticed a black bear
  2816 | D:3      | Killed a black bear
  2817 | D:3      | Reached skill level 1 in Maces & Flails
  2817 | D:3      | Reached skill level 5 in Earth Magic
  3069 | D:3      | Reached XP level 6. HP: 35/35 MP: 7/10
  3385 | D:4      | Found a glowing drain.
  3423 | Sewer    | Entered a sewer
  3475 | Sewer    | Noticed Pargi
  3480 | Sewer    | Killed Pargi
  3611 | D:4      | Found Fiodugye's Distillery.
  3617 | D:4      | Bought 2 potions of heal wounds for 100 gold pieces
  3626 | D:4      | Noticed a black bear
  3630 | D:4      | Killed a black bear
  3631 | D:4      | Reached XP level 7. HP: 40/40 MP: 9/12
  3761 | D:4      | Found an ornate altar of the Wu Jian Council.
  4149 | D:4      | Noticed a steam dragon
  4157 | D:4      | Killed a steam dragon
  4369 | D:4      | Found Xagist's Armour Shoppe.
  4394 | D:4      | Bought a potion of heal wounds for 50 gold pieces
  4414 | D:5      | Entered Level 5 of the Dungeon
  4550 | D:5      | Reached skill level 5 in Conjurations
  4550 | D:5      | Reached skill level 6 in Earth Magic
  4552 | D:5      | Reached XP level 8. HP: 44/44 MP: 1/14
  5372 | D:6      | Got Purghoydgh's Catalogue of Virulent Spellbinding
  5467 | D:6      | Noticed Eustachio
  5475 | D:6      | Killed Eustachio
  5476 | D:6      | Reached skill level 1 in Evocations
  5688 | D:6      | Found a staircase to the Ecumenical Temple.
  5698 | Temple   | Entered the Ecumenical Temple
  5765 | D:6      | Noticed Blork the orc
  5769 | D:6      | Killed Blork the orc
  6321 | D:6      | Found a burning altar of Makhleb.
  6322 | D:6      | Found a white marble altar of Elyvilon.
  6346 | D:6      | Found a hide-covered altar of Uskayaw.
  6346 | D:6      | Noticed Edmund
  6352 | D:6      | Killed Edmund
  6353 | D:6      | Reached skill level 1 in Armour
  6353 | D:6      | Reached skill level 7 in Earth Magic
  6353 | D:6      | Reached XP level 9. HP: 32/51 MP: 3/16
  6716 | D:7      | Reached skill level 5 in Spellcasting
  6907 | D:7      | Found a bloodstained altar of Trog.
  6914 | D:7      | Found a blossoming altar of Fedhas.
  7284 | D:7      | Noticed Maggie
  7293 | D:7      | Killed Maggie
  7526 | D:7      | Found an ancient bone altar of Kikubaaqudgha.
  8095 | D:7      | Reached skill level 8 in Earth Magic
  8097 | D:7      | Reached skill level 5 in Fighting
  8415 | D:7      | Identified the +4 chain mail of Kumoin {Dex+3 Stlth+}
  8682 | D:8      | Reached XP level 10. HP: 59/59 MP: 18/18
  9310 | D:8      | Found a shadowy altar of Dithmenos.
  9312 | D:8      | Found a glowing golden altar of the Shining One.
  9327 | D:8      | Found a shimmering blue altar of Sif Muna.
  9330 | D:8      | Found a broken altar of Ashenzari.
  9332 | D:8      | Found a radiant altar of Vehumet.
  9337 | D:8      | Found a snail-covered altar of Cheibriados.
  9339 | D:8      | Became a worshipper of Vehumet
 10699 | D:9      | Reached skill level 9 in Earth Magic
 11306 | D:8      | Reached skill level 5 in Maces & Flails
 11478 | D:8      | Reached * piety under Vehumet
 11478 | D:8      | Offered knowledge of Magic Dart by Vehumet.
 11604 | D:9      | Found a sacrificial altar of Ru.
 11635 | D:9      | Learned a level 1 spell: Magic Dart
 11799 | D:9      | Noticed Pikel
 11810 | D:9      | Killed Pikel
 11811 | D:9      | Reached XP level 11. HP: 64/64 MP: 17/21
 11841 | D:9      | Noticed Maurice
 11855 | D:9      | Reached skill level 10 in Earth Magic
 11862 | D:9      | Killed Maurice
 11958 | D:9      | Found a staircase to the Lair.
 12945 | D:10     | Entered Level 10 of the Dungeon
 12986 | D:10     | Identified the +2 ring mail of the Midnight Sun {rPois MP+9
                  | Int-4 Stlth+}
 13290 | D:10     | Noticed a brown ugly thing
 13317 | D:10     | Killed a brown ugly thing
 13411 | D:10     | Offered knowledge of Shock by Vehumet.
 13414 | D:10     | Reached ** piety under Vehumet
 13562 | D:10     | Noticed Gastronok
 13580 | D:10     | Killed Gastronok
 14638 | D:10     | Found a glowing silver altar of Zin.
 14639 | D:10     | Found an opulent altar of Gozag.
 14775 | D:11     | Noticed a boulder beetle
 14778 | D:11     | a boulder beetle changed into a manticore
 14778 | D:11     | Noticed a manticore
 14785 | D:11     | Killed a manticore
 14786 | D:11     | Reached skill level 10 in Conjurations
 14790 | D:11     | Reached XP level 12. HP: 38/71 MP: 22/24
 15029 | D:11     | You fall into a shaft and drop 3 floors!
 15181 | D:13     | Noticed Erolcha
 15207 | D:13     | Reached skill level 11 in Earth Magic
 15731 | D:12     | Found a frozen archway.
 15756 | IceCv    | Entered an ice cave
 16307 | IceCv    | Offered knowledge of Hailstorm by Vehumet.
 16372 | IceCv    | Reached skill level 5 in Evocations
 16630 | IceCv    | Reached *** piety under Vehumet
 17464 | IceCv    | Identified the +3 glaive of the Wary Underlurkers {heavy,
                  | Int+3}
 17648 | IceCv    | Offered knowledge of Mephitic Cloud by Vehumet.
 18222 | IceCv    | Reached skill level 1 in Shields
 18342 | IceCv    | Identified a scroll of acquirement
 18342 | IceCv    | Acquired the ring of Optimism {rF+ EV+5}
 18621 | D:12     | Noticed a boulder beetle
 18624 | D:12     | a boulder beetle changed into a skyshark
 18624 | D:12     | Noticed a skyshark
 18633 | D:12     | Killed a skyshark
 18836 | D:12     | Noticed a boulder beetle
 18852 | D:12     | Killed a boulder beetle
 18853 | D:12     | Reached skill level 12 in Earth Magic
 19560 | D:12     | Reached XP level 13. HP: 58/76 MP: 17/26
 19985 | D:11     | Reached **** piety under Vehumet
 20351 | D:11     | Found a staircase to the Orcish Mines.
 20630 | D:11     | Noticed Amaemon
 20640 | D:11     | Offered knowledge of Lee's Rapid Deconstruction by Vehumet.
 20656 | D:11     | Killed Amaemon
 21344 | D:11     | Learned a level 5 spell: Lee's Rapid Deconstruction
 22924 | D:12     | Reached skill level 5 in Shields
 22967 | D:12     | Reached skill level 10 in Spellcasting
 23135 | D:12     | Identified the staff of earth "Oluruefa" {*Slow Int+4}
 23270 | D:12     | Reached skill level 13 in Earth Magic
 25038 | D:13     | Learned a level 2 spell: Passwall
 25224 | D:13     | Killed Erolcha
 26159 | D:14     | Gained mutation: Your large and strong wings let you fly.
                  | [Gargoyle growth]
 26159 | D:14     | Reached XP level 14. HP: 82/82 MP: 18/28
 26363 | D:14     | Reached skill level 14 in Earth Magic
 27922 | D:14     | Found a gate to the Vaults.
 29742 | D:15     | Entered Level 15 of the Dungeon
 30292 | D:15     | Reached skill level 15 in Earth Magic
 31334 | D:15     | Learned a level 5 spell: Freezing Cloud
 31823 | D:15     | Reached skill level 1 in Air Magic
 32053 | D:15     | Found a staircase to the Depths.
 32158 | D:15     | Reached skill level 1 in Ice Magic
 32331 | Lair:1   | Entered Level 1 of the Lair of Beasts
 33376 | Lair:1   | Found an ornate altar of the Wu Jian Council.
 33542 | Lair:1   | Found a hide-covered altar of Uskayaw.
 34005 | Lair:2   | Reached XP level 15. HP: 78/86 MP: 25/31
 34580 | Lair:2   | Found a staircase to the Shoals.
 34713 | Lair:2   | Found a runed translucent door.
 34716 | Lair:2   | Identified the +8 trident of Duty {heavy, *Corrode rF+
                  | Dex+3}
 34905 | Lair:2   | Reached ***** piety under Vehumet
 34905 | Lair:2   | Offered knowledge of Spellforged Servitor by Vehumet.
 35640 | Lair:2   | Noticed Tali's ghost (journeyman DsCK)
 37123 | Lair:1   | Killed Tali's ghost
 37124 | Lair:1   | Reached skill level 5 in Dodging
 37597 | Lair:3   | Noticed Fannar
 37618 | Lair:3   | Killed Fannar
 37697 | Lair:3   | Found a hole to the Spider Nest.
 38864 | Lair:3   | Reached skill level 5 in Ice Magic
 39364 | Lair:4   | Noticed Rupert
 39369 | Lair:4   | Paralysed by Rupert for 2 turns
 39378 | Lair:4   | Killed Rupert
 39723 | Lair:4   | Noticed Kirke
 39757 | Lair:4   | Noticed a sphinx
 39800 | Lair:4   | Killed Kirke
 40637 | Lair:5   | Entered Level 5 of the Lair of Beasts
 40663 | Lair:5   | Found a gate leading to a gauntlet.
 40677 | Gauntlet | Entered a Gauntlet
 40677 | Gauntlet | Found a transporter.
 40687 | Gauntlet | Found a transporter.
 40703 | Gauntlet | Found a transporter.
 40709 | Gauntlet | Found a transporter.
 40729 | Gauntlet | Found a transporter.
 40743 | Gauntlet | Found a transporter.
 40755 | Gauntlet | Found a transporter.
 40767 | Gauntlet | Found a transporter.
 40779 | Gauntlet | Found a transporter.
 40784 | Gauntlet | Found a transporter.
 40784 | Gauntlet | Found a transporter.
 40786 | Gauntlet | Found a transporter.
 40810 | Gauntlet | Found a transporter.
 40816 | Gauntlet | Found a transporter.
 40859 | Gauntlet | Found a transporter.
 40890 | Gauntlet | Found a transporter.
 40903 | Gauntlet | Identified the ring "Ciaqurah" {Ice Str+3 Dex+4}
 40906 | Gauntlet | Found a transporter.
 40916 | Gauntlet | Found a transporter.
 41085 | Gauntlet | Identified the ring of Lixier {MP+9 Str+4 SInv}
 41458 | Gauntlet | Got the Incunable of Relocated Assembling
 41566 | Lair:5   | Reached skill level 5 in Air Magic
 41577 | Lair:5   | Reached XP level 16. HP: 93/93 MP: 32/32
 41606 | Lair:5   | Found a staircase to the Slime Pits.
 41608 | Lair:5   | Found a viscous altar of Jiyva.
 42276 | Lair:5   | Offered knowledge of Ozocubu's Refrigeration by Vehumet.
 42934 | Lair:5   | Learned a level 1 spell: Apportation
 43078 | Lair:5   | Reached skill level 1 in Translocations
 43659 | Orc:1    | Entered Level 1 of the Orcish Mines
 43820 | Orc:2    | Entered Level 2 of the Orcish Mines
 43825 | Orc:2    | Reached skill level 16 in Earth Magic
 43914 | Orc:1    | Offered knowledge of Irradiate by Vehumet.
 43932 | Orc:1    | Learned a level 5 spell: Irradiate
 44441 | Orc:1    | Reached skill level 1 in Transmutations
 44958 | Orc:2    | Found a staircase to the Elven Halls.
 45157 | Orc:2    | Found Caodem's Assorted Antiques.
 45157 | Orc:2    | Found Quhumus's Book Emporium.
 45158 | Orc:2    | Found Ipnij's Armour Emporium.
 45172 | Orc:2    | Found Huddyn's Assorted Antiques.
 45178 | Orc:2    | Bought a book of Spectacle for 520 gold pieces
 45184 | Orc:2    | Bought a scroll of teleportation for 108 gold pieces
 45189 | Orc:2    | Learned a level 4 spell: Iskenderun's Mystic Blast
 45676 | Spider:1 | Entered Level 1 of the Spider Nest
 45733 | Spider:1 | Reached skill level 15 in Conjurations
 47245 | Spider:2 | Offered knowledge of Plasma Beam by Vehumet.
 48474 | Spider:2 | Reached XP level 17. HP: 81/96 MP: 33/34
 48960 | Spider:2 | Reached skill level 10 in Shields
 49234 | Spider:2 | Learned a level 6 spell: Starburst
 49389 | Spider:3 | Reached skill level 1 in Fire Magic
 49424 | Spider:3 | Noticed Arachne
 49453 | Spider:3 | Killed Arachne
 49732 | Spider:3 | Offered knowledge of Iron Shot by Vehumet.
 49732 | Spider:3 | Noticed Nikola
 49746 | Spider:4 | Entered Level 4 of the Spider Nest
 49756 | Spider:4 | Reached skill level 5 in Fire Magic
 50672 | Spider:3 | Killed Nikola
 50857 | Spider:3 | Identified the staff of conjuration "Munguten" {Fragile
                  | rPois Int+4 Dex+3 Stlth+}
 51676 | Spider:4 | Learned a level 6 spell: Iron Shot
 52033 | Spider:4 | Reached ****** piety under Vehumet
 53037 | Spider:4 | Reached XP level 18. HP: 104/104 MP: 11/35
 53464 | Spider:4 | Noticed Agnes
 53471 | Spider:4 | Killed Agnes
 53626 | Spider:4 | Offered knowledge of Eringya's Noxious Bog by Vehumet.
 54409 | Spider:4 | Got a gossamer rune of Zot
 54617 | Shoals:1 | Entered Level 1 of the Shoals
 55089 | Shoals:1 | Found Itussath's Antique Armour Emporium.
 55096 | Shoals:1 | Bought a shiny helmet for 217 gold pieces
 55401 | Shoals:1 | Found Wytywoz's Armour Emporium.
 55406 | Shoals:1 | Noticed Josephine
 55411 | Shoals:1 | Killed Josephine
 55613 | Shoals:1 | Found Mosotiato's General Store.
 55843 | Shoals:1 | Bought a scroll of teleportation for 51 gold pieces
 56050 | Shoals:1 | Reached skill level 17 in Earth Magic
 56109 | Shoals:1 | Found Pawoabog's Armour Shop.
 56764 | Shoals:1 | Found Zuvisis's Assorted Antiques.
 56773 | Shoals:1 | Bought a scroll of teleportation for 111 gold pieces
 56773 | Shoals:1 | Bought a scroll of poison for 148 gold pieces
 56773 | Shoals:1 | Bought a pair of smoking boots for 351 gold pieces
 56773 | Shoals:1 | Identified the +1 pair of boots of Asceticism {Str+3} (You
                  | bought it in a shop on level 1 of the Shoals)
 57568 | Shoals:2 | Noticed Jorgrun
 57580 | Shoals:2 | Killed Jorgrun
 57581 | Shoals:2 | Reached skill level 10 in Fighting
 58261 | Shoals:3 | Found a transporter.
 58268 | Shoals:3 | Found a transporter.
 58271 | Shoals:3 | Noticed Ilsuiw
 58283 | Shoals:3 | Killed Ilsuiw
 58653 | Shoals:3 | Noticed Polyphemus
 58663 | Shoals:3 | Killed Polyphemus
 58859 | Shoals:3 | Found a transporter.
 58990 | Shoals:3 | Found a transporter.
 59113 | Shoals:3 | Reached XP level 19. HP: 113/113 MP: 19/37
 59397 | Shoals:3 | Found a transporter.
 59401 | Shoals:3 | Found a transporter.
 59413 | Shoals:3 | Offered knowledge of Ignition by Vehumet.
 60108 | Shoals:4 | Entered Level 4 of the Shoals
 60837 | Shoals:4 | Found an ancient bone altar of Kikubaaqudgha.
 60915 | Shoals:4 | Reached skill level 18 in Earth Magic
 61378 | Shoals:4 | Reached skill level 15 in Spellcasting
 61526 | Shoals:4 | Identified the ring of Nojoom {+Blink rPois Str-4 Dex+6
                  | SInv}
 62188 | Shoals:4 | Got a barnacled rune of Zot
 62943 | Vaults:1 | Entered Level 1 of the Vaults
 63016 | Vaults:1 | Found a flickering gateway to a bazaar.
 63030 | Bazaar   | Entered a bazaar
 63084 | Bazaar   | Found Zolefum's Jewellery Emporium.
 63100 | Bazaar   | Found Ihaa's Antique Armour Shoppe.
 63100 | Bazaar   | Found Ohyv Fiv's Book Emporium.
 63122 | Bazaar   | Found Boqopt's Antique Weapon Shoppe.
 63122 | Bazaar   | Found Laisow's Antique Armour Emporium.
 63373 | Vaults:1 | Offered knowledge of Polar Vortex by Vehumet.
 63373 | Vaults:1 | Offered knowledge of Ignition by Vehumet.
 63576 | Vaults:1 | Reached XP level 20. HP: 91/122 MP: 39/39
 63938 | Vaults:1 | Reached skill level 19 in Earth Magic
 64523 | Vaults:1 | Identified the +0 helmet of Grace {Str+2}
 64536 | Vaults:1 | Found Ipifrok's Armour Emporium.
 65025 | Vaults:2 | Identified the +8 chain mail "Foneonis" {rElec Str-2 Int+3}
 65363 | Vaults:2 | Reached skill level 5 in Armour
 65812 | Vaults:2 | Reached skill level 20 in Earth Magic
 66027 | Vaults:2 | Found Quchofeu's Armour Shop.
 66485 | Vaults:2 | You are sucked into a shaft and drop 2 floors!
 66487 | Vaults:4 | Paralysed by a sphinx for 5 turns
 66776 | Vaults:4 | Found Kysugeh's Book Shoppe.
 67014 | Vaults:4 | Reached XP level 21. HP: 119/128 MP: 30/40
 67133 | Vaults:4 | Reached skill level 21 in Earth Magic
 67852 | Vaults:2 | Learned a level 9 spell: Shatter
 68466 | Vaults:2 | Found a staircase to the Crypt.
 68625 | Vaults:2 | Reached skill level 22 in Earth Magic
 69926 | Vaults:3 | Reached skill level 23 in Earth Magic
 70782 | Vaults:3 | Acquired the +3 Elemental Staff {rElec rF+ rC+ AC+3}
 70782 | Vaults:3 | Found the +3 Elemental Staff {rElec rF+ rC+ AC+3}
 71074 | Vaults:3 | Noticed a golden dragon
 71203 | Vaults:3 | Reached XP level 22. HP: 135/135 MP: 31/41
 71204 | Vaults:3 | Killed a golden dragon
 71528 | Vaults:3 | Identified the +0 robe of Valiance {Harm}
 71639 | Vaults:3 | Identified the +4 spear of Trog's Castigation {flame, *Rage
                  | rN++}
 71885 | Vaults:4 | Identified the +10 ring mail of Beyond {Str+5 SInv}
 71887 | Vaults:4 | Identified the +0 ring mail "Ucau" {Rampage rCorr MP-9
                  | Slay+6}
 73116 | Elf:1    | Entered Level 1 of the Elven Halls
 73442 | Elf:1    | You are sucked into a shaft and drop 1 floor!
 73444 | Elf:2    | Found an ancient bone altar of Kikubaaqudgha.
 73479 | Elf:2    | Reached skill level 24 in Earth Magic
 74157 | Elf:1    | Found Vyduaruj's Book Emporium.
 74157 | Elf:1    | Found Vuuhuekk's Jewellery Boutique.
 74158 | Elf:1    | Found Halish's Jewellery Boutique.
 74166 | Elf:1    | Bought a book of Air for 264 gold pieces
 74170 | Elf:1    | Learned a level 3 spell: Swiftness
 74175 | Elf:1    | Bought the ring "Saahoimm" {+Blink rC+ rN+ Will+ AC+4} for
                  | 668 gold pieces
 74419 | Elf:1    | Identified the ring "Esirul" {MP+9 Dex+4 Slay-2}
 74711 | Elf:2    | Found Riehuarch's Magic Scroll Shop.
 75386 | Elf:2    | Reached skill level 15 in Fighting
 75836 | Elf:2    | Bought a scroll of teleportation for 33 gold pieces
 75836 | Elf:2    | Bought a scroll of fear for 44 gold pieces
 75881 | Elf:2    | Identified the ring "Xukk" {Str+3 Int+3 Dex+4 SInv}
 76058 | Elf:2    | Reached XP level 23. HP: 144/144 MP: 43/44
 76168 | Elf:2    | Found a runed translucent gate.
 76168 | Elf:2    | Found a runed translucent gate.
 76168 | Elf:2    | Found a runed translucent gate.
 76668 | Elf:3    | Entered Level 3 of the Elven Halls
 77063 | Elf:3    | Learned a level 2 spell: Blink
 77301 | Abyss:2  | Cast into level 2 of the Abyss (a deep elf sorcerer)
 77576 | Abyss:2  | Noticed a dread lich
 77582 | Abyss:2  | Killed a dread lich
 77583 | Abyss:2  | Reached skill level 25 in Earth Magic
 78061 | Elf:3    | Escaped the Abyss
 78636 | Elf:3    | Reached skill level 10 in Maces & Flails
 78846 | Elf:3    | Identified the +3 morningstar "Amore" {flame, rC+ Will-
                  | Dex+4}
 78852 | Elf:3    | Identified the +11 flail of War {flame, Contam rN+ SInv
                  | Stlth+}
 78852 | Elf:3    | Identified the ring of Lady Luck {Wiz *Slow rF+ Dex+2}
 78856 | Elf:3    | Identified the +2 mace of Fortitude {heavy, Will+ Dex+6}
 78942 | Elf:3    | Identified the +5 trident "Sarcophage" {pain, rC+}
 79146 | Elf:3    | Identified the +3 war axe of the Fortifying Enemy {freeze,
                  | +Blink rPois rC- rN++}
 79646 | Elf:3    | Got the Precepts of the Fetid Body
 79670 | Elf:3    | Identified the staff of cold "Ideo" {rPois rC+ Dex+4}
 79683 | Elf:3    | Identified the staff of poison "Maodui" {rPois rCorr Dex+2}
 79689 | Elf:3    | Identified the staff of death "Tefa" {rElec rN+ Int+4 Dex-2
                  | SInv}
 80494 | Crypt:1  | Entered Level 1 of the Crypt
 80747 | Crypt:1  | Noticed a dread lich
 80751 | Crypt:1  | Killed a dread lich
 81551 | Crypt:1  | Found a hide-covered altar of Uskayaw.
 81559 | Crypt:1  | Reached XP level 24. HP: 131/152 MP: 35/44
 82071 | Crypt:1  | Found a runed door.
 82137 | Crypt:1  | Noticed an ancient lich
 82138 | Crypt:1  | Noticed a dread lich
 82151 | Crypt:1  | Killed an ancient lich
 82154 | Crypt:1  | Killed a dread lich
 82607 | Crypt:1  | Acquired the Octavo of Assembling and Rime
 82635 | Crypt:1  | Reached skill level 10 in Dodging
 82747 | Crypt:1  | Identified the ring "Gotzics" {Dex+2 Slay+4}
 82909 | Crypt:2  | Noticed a dread lich
 82912 | Crypt:2  | Killed a dread lich
 83751 | Crypt:2  | Found an ancient bone altar of Kikubaaqudgha.
 83889 | Crypt:2  | Found a basalt altar of Yredelemnul.
 84438 | Crypt:3  | Entered Level 3 of the Crypt
 84438 | Crypt:3  | Found a staircase to the Tomb.
 85034 | Crypt:3  | Reached skill level 10 in Armour
 85513 | Crypt:3  | Noticed Sojobo
 85517 | Crypt:3  | Reached XP level 25. HP: 150/157 MP: 39/44
 85520 | Crypt:3  | Paralysed by an air elemental for 1 turns
 85523 | Crypt:3  | Killed Sojobo
 85659 | Crypt:3  | Found a basalt altar of Yredelemnul.
 85723 | Crypt:3  | Identified the +4 long sword of Ruination {flame, Int+3
                  | SInv}
 85749 | Crypt:3  | Noticed a dread lich
 85754 | Crypt:3  | Killed a dread lich
 85790 | Crypt:3  | Identified the -1 cloak "Xoluac" {Rampage rPois Dex-4}
 85812 | Crypt:3  | Got Kikubaaqudgha's Compendium of Wicked Acts
 86578 | Tomb:1   | Entered Level 1 of the Tomb of the Ancients
 86590 | Tomb:1   | Noticed a royal mummy
 86593 | Tomb:1   | Killed a royal mummy
 86594 | Tomb:1   | Noticed a royal mummy
 86797 | Tomb:1   | Noticed a royal mummy
 86799 | Tomb:1   | Killed a royal mummy
 86800 | Tomb:1   | Killed a royal mummy
 86929 | Tomb:1   | Noticed a royal mummy
 86932 | Tomb:1   | Killed a royal mummy
 86933 | Tomb:1   | Noticed a royal mummy
 86935 | Tomb:1   | Noticed a royal mummy
 86936 | Tomb:1   | Noticed a royal mummy
 87086 | Tomb:1   | Killed a royal mummy
 87086 | Tomb:1   | Killed a royal mummy
 87086 | Tomb:1   | Killed a royal mummy
 87087 | Tomb:1   | Noticed a royal mummy
 87088 | Tomb:1   | Noticed a royal mummy
 87091 | Tomb:1   | Killed a royal mummy
 87091 | Tomb:1   | Killed a royal mummy
 87540 | Tomb:1   | Noticed a royal mummy
 87678 | Tomb:1   | Killed a royal mummy
 88540 | Tomb:1   | Noticed a royal mummy
 88553 | Tomb:1   | Killed a royal mummy
 88654 | Tomb:1   | Noticed a royal mummy
 88658 | Tomb:1   | Killed a royal mummy
 88659 | Tomb:1   | Identified the staff of earth "Omaosk" {rC+ Stlth+}
 88693 | Tomb:1   | Noticed a royal mummy
 88695 | Tomb:1   | Noticed a royal mummy
 88701 | Tomb:1   | Noticed a royal mummy
 88703 | Tomb:1   | Killed a royal mummy
 88703 | Tomb:1   | Killed a royal mummy
 88703 | Tomb:1   | Noticed a royal mummy
 88704 | Tomb:1   | Reached skill level 26 in Earth Magic
 88705 | Tomb:1   | Noticed a royal mummy
 88710 | Tomb:1   | Noticed a royal mummy
 88711 | Tomb:1   | Noticed a royal mummy
 88841 | Tomb:1   | Killed a royal mummy
 88995 | Tomb:1   | Killed a royal mummy
 88997 | Tomb:1   | Killed a royal mummy
 89001 | Tomb:1   | Noticed a royal mummy
 89367 | Tomb:1   | Killed a royal mummy
 89378 | Tomb:1   | Killed a royal mummy
 89379 | Tomb:1   | Reached XP level 26. HP: 130/166 MP: 12/45
 89604 | Crypt:3  | Learned a level 3 spell: Ozocubu's Armour
 89727 | Tomb:1   | Noticed a royal mummy
 89731 | Tomb:1   | Killed a royal mummy
 89921 | Tomb:1   | Killed a royal mummy
 90454 | Depths:1 | Entered Level 1 of the Depths
 90454 | Depths:1 | Found a gateway to Hell.
 90840 | Depths:1 | Noticed Asterion
 90846 | Depths:1 | Killed Asterion
 91000 | Depths:1 | Noticed a juggernaut
 91003 | Depths:1 | Noticed Bai Suzhen
 91004 | Depths:1 | Killed a juggernaut
 91005 | Depths:1 | Reached skill level 5 in Stealth
 91008 | Depths:1 | Identified the +4 mace "Varir" {venom, rElec Int+3 Dex+2}
 91009 | Depths:1 | Killed Bai Suzhen
 91016 | Depths:1 | Found a one-way gateway to a ziggurat.
 91214 | Depths:1 | Found a one-way gate to the infinite horrors of the Abyss.
 91235 | Depths:1 | Identified the +9 longbow "Transmigrator" {drain, Will+}
 91269 | Depths:1 | Found Degel's Elemental Accessories.
 91271 | Depths:1 | Noticed Saint Roka
 91276 | Depths:1 | Killed Saint Roka
 91445 | Depths:1 | Found Eppa's Antique Armour Shoppe.
 91451 | Depths:1 | Bought an embroidered scarf for 296 gold pieces
 91458 | Depths:1 | Noticed laros's ghost (journeyman MiBe)
 91482 | Depths:1 | Killed laros's ghost
 91616 | Depths:1 | Found a transporter.
 91616 | Depths:1 | Identified the +2 cloak of True Grit {Harm rC+ Will+ Str+4}
 91644 | Depths:1 | Found a transporter.
 92887 | Depths:2 | Found a one-way gate leading to the halls of Pandemonium.
 93092 | Depths:2 | Paralysed by a great orb of eyes for 4 turns
 93964 | Depths:2 | Voluntarily entered the Abyss.
 94120 | Abyss:2  | Reached XP level 27. HP: 173/174 MP: 46/46
 94203 | Abyss:2  | Gained mutation: You sometimes lose your temper in combat.
                  | [a neqoxec]
 94371 | Abyss:3  | Paralysed by accursed screaming for 1 turns
 94416 | Abyss:3  | Found a corrupted altar of Lugonu.
 94737 | Abyss:3  | Found a corrupted altar of Lugonu.
 94766 | Depths:2 | Escaped the Abyss
 95219 | Slime:1  | Entered Level 1 of the Pits of Slime
 95908 | Slime:2  | Gained mutation: You are frail. (-10% HP) [a shining eye]
 95910 | Slime:2  | Gained mutation: Your body sometimes deteriorates upon
                  | taking damage. [a shining eye]
 96632 | Slime:3  | Reached skill level 15 in Armour
 97868 | Slime:5  | Entered Level 5 of the Pits of Slime
 98422 | Slime:5  | Noticed the Royal Jelly
 98596 | Slime:5  | Gained mutation: Your magical capacity is low. (-10% MP) [a
                  | shining eye]
 99988 | Slime:5  | Identified the ring of Circularity {Will+ rCorr Str+2
                  | Dex-2}
 99990 | Slime:5  | Acquired the Disquisition on Bruises and Doom
100414 | Slime:5  | Found a viscous altar of Jiyva.
100417 | Slime:5  | Identified the staff of conjuration "Moijass" {rN+ Will+}
100504 | Slime:5  | Identified the staff of earth "Nutub" {+Blink Dex-4 SInv}
100541 | Slime:5  | Identified the +0 robe of Ru's Wrath {*Slow Str-4 Int+6
                  | Dex+8}
100543 | Slime:5  | Got a slimy rune of Zot
100544 | Slime:5  | Identified the ring of Elitism {Fly Int+2}
100580 | Slime:5  | Identified the +2 falchion of Bugib {venom, rF- rCorr
                  | Dex+4}
100629 | Slime:5  | Killed the Royal Jelly
101189 | Lair:5   | Lost mutation: You are frail. (-10% HP) [potion of
                  | mutation]
101189 | Lair:5   | Lost mutation: Your magical capacity is low. (-10% MP)
                  | [potion of mutation]
101189 | Lair:5   | Lost mutation: You sometimes lose your temper in combat.
                  | [potion of mutation]
101189 | Lair:5   | Gained mutation: Your spells are a little harder to cast,
                  | but a little more powerful. [potion of mutation]
101189 | Lair:5   | Gained mutation: You are somewhat resistant to further
                  | mutation. [potion of mutation]
101190 | Lair:5   | Lost mutation: Your body sometimes deteriorates upon taking
                  | damage. [potion of mutation]
101190 | Lair:5   | Lost mutation: You are somewhat resistant to further
                  | mutation. [potion of mutation]
101190 | Lair:5   | Lost mutation: Your spells are a little harder to cast, but
                  | a little more powerful. [potion of mutation]
101190 | Lair:5   | Gained mutation: Armour fits poorly on your strangely
                  | shaped body. [potion of mutation]
101190 | Lair:5   | Gained mutation: Your body sometimes deteriorates upon
                  | taking damage. [potion of mutation]
101190 | Lair:5   | Gained mutation: You expend magic power (3 MP) to
                  | strengthen your wands. [potion of mutation]
101191 | Lair:5   | Lost mutation: Your body sometimes deteriorates upon taking
                  | damage. [potion of mutation]
101191 | Lair:5   | Lost mutation: Armour fits poorly on your strangely shaped
                  | body. [potion of mutation]
101191 | Lair:5   | Gained mutation: You are dopey. (Int -2) [potion of
                  | mutation]
101192 | Lair:5   | Lost mutation: You expend magic power (3 MP) to strengthen
                  | your wands. [potion of mutation]
101192 | Lair:5   | Lost mutation: You are dopey. (Int -2) [potion of mutation]
101192 | Lair:5   | Gained mutation: You are partially covered in iridescent
                  | scales. (AC +2) [potion of mutation]
101192 | Lair:5   | Gained mutation: You are somewhat resistant to further
                  | mutation. [potion of mutation]
101561 | Depths:3 | Learned a level 8 spell: Lehudib's Crystal Spear
101596 | Depths:3 | Noticed a juggernaut
101617 | Depths:3 | Killed a juggernaut
101780 | Depths:3 | Paralysed by a sphinx for 2 turns
102429 | Depths:3 | Noticed a juggernaut
102435 | Depths:3 | Killed a juggernaut
102816 | Depths:3 | Noticed Bajoiraifu's ghost (adept TrCK)
102816 | Depths:3 | Noticed a dread lich
102858 | Depths:3 | Found a runed translucent door.
102897 | Depths:3 | Found a runed translucent door.
103080 | Depths:3 | Killed a dread lich
103089 | Depths:3 | Killed Bajoiraifu's ghost
103379 | Depths:4 | Entered Level 4 of the Depths
103998 | Depths:4 | Noticed an ancient lich
104004 | Depths:4 | Killed an ancient lich
104182 | Depths:4 | Found Nygirece's Antique Armour Shoppe.
104190 | Depths:4 | Bought a ripped robe for 102 gold pieces
104190 | Depths:4 | Identified the +0 robe "Vuzesch" {rElec Dex+3} (You bought
                  | it in a shop on level 4 of the Depths)
104783 | Depths:4 | Found a gate to the Realm of Zot.
105610 | Hell     | Entered the Vestibule of Hell
105615 | Hell     | Noticed Geryon
105624 | Hell     | Reached skill level 27 in Earth Magic
105627 | Hell     | Killed Geryon
106066 | Hell     | Found a gateway to the Iron City of Dis.
106176 | Hell     | Found a gateway to the freezing wastes of Cocytus.
106232 | Hell     | Found a gateway to the ashen valley of Gehenna.
106437 | Hell     | Found a gateway to the decaying netherworld of Tartarus.
106607 | Geh:1    | Entered Level 1 of Gehenna
107055 | Geh:2    | Noticed a dread lich
107061 | Geh:2    | Killed a dread lich
108920 | Geh:5    | Reached skill level 15 in Shields
108932 | Geh:5    | Noticed a dread lich
108942 | Geh:5    | Killed a dread lich
109404 | Geh:6    | Noticed a dread lich
109407 | Geh:6    | Killed a dread lich
109830 | Geh:7    | Entered Level 7 of Gehenna
111268 | Geh:7    | Got an obsidian rune of Zot
111410 | Hell     | Learned a level 4 spell: Dispel Undead
111460 | Coc:1    | Entered Level 1 of Cocytus
111499 | Coc:1    | Reached skill level 1 in Necromancy
112318 | Coc:3    | Reached skill level 5 in Necromancy
114656 | Zot:1    | Entered Level 1 of the Realm of Zot
114709 | Zot:1    | Noticed Grunn
114724 | Zot:1    | Killed Grunn
115031 | Zot:1    | Reached skill level 10 in Necromancy
117338 | Coc:7    | Entered Level 7 of Cocytus
117867 | Coc:3    | Lost dexterity.
117915 | Coc:7    | Reached skill level 15 in Maces & Flails
119240 | Coc:7    | Reached skill level 10 in Stealth
119430 | Coc:7    | Noticed Antaeus
119590 | Hell     | Learned a level 5 spell: Fireball
119681 | Coc:7    | Paralysed by a wendigo for 1 turns
119963 | Coc:7    | Identified the staff of cold "Atibre" {rC+ Str+3 Dex+2
                  | Stlth-}
120181 | Coc:7    | Paralysed by a wendigo for 1 turns
120509 | Coc:7    | Killed Antaeus
120679 | Coc:7    | Got an icy rune of Zot
120682 | Coc:7    | Identified the +3 morningstar "Begic" {freeze, Will+}
121129 | Tar:1    | Entered Level 1 of Tartarus
123105 | Tar:7    | Entered Level 7 of Tartarus
123108 | Tar:7    | Noticed an ancient lich
123122 | Tar:7    | Killed an ancient lich
123536 | Tar:7    | Noticed an ancient lich
123540 | Tar:7    | Killed an ancient lich
123808 | Tar:7    | Reached skill level 10 in Evocations
123816 | Tar:7    | Noticed an ancient lich
123853 | Tar:7    | Killed an ancient lich
124312 | Tar:7    | Identified the staff of fire "Nisukh" {rF+ Str+4}
124314 | Tar:7    | Identified the +3 flail of Quantum Leap {protect, rC+
                  | rCorr}
124875 | Tar:7    | Noticed Ereshkigal
124881 | Tar:7    | Noticed the Serpent of Hell
125115 | Tar:7    | Killed the Serpent of Hell
125682 | Tar:7    | Killed Ereshkigal
125826 | Tar:7    | Got a bone rune of Zot
126006 | Tar:7    | Found the +6 lightning scales {swift, rElec}
126263 | Tar:7    | Identified the ring "Jiygul" {MP+9 Dex+6}
126266 | Tar:7    | Identified the +2 broad axe "Lealafil" {speed, rElec rC+++
                  | rCorr Dex-2}
126267 | Tar:7    | Identified the +6 scimitar of Honour {flame, Str+5}
126445 | Dis:1    | Entered Level 1 of the Iron City of Dis
129417 | Dis:7    | Entered Level 7 of the Iron City of Dis
131149 | Dis:7    | Noticed a juggernaut
131158 | Dis:7    | Killed a juggernaut
131638 | Dis:7    | Identified the +7 short sword of Fate {flame, Will+ rCorr
                  | Str+3}
131639 | Dis:7    | Identified the +5 scale mail "Hubbext" {Rampage rPois rN+}
131809 | Dis:7    | Killed from afar by a Hell Sentinel

Illustrated notes

Levels and vault maps discovered:
D:1:      beargit_arrival_greenhouse, layout_basic,
          chequers_ecumenical_altar_simple, serial_shops, shop
D:2:      layout_loops_corners, chequers_big_river
D:3:      layout_basic, serial_shops, nicolae_shop_tiny_glass
D:4:      layout_loops_ring, nzn_wu_jian_council_hall, portal_sewer_entry_a,
          serial_shops, shop, kennysheep_little_box, corexii_corridor_pit
D:5:      layout_basic, nicolae_figureground_sparkle
D:6:      layout_basic, nicolae_uskayaw_murder_on_the_dancefloor,
          gammafunk_temple_overflow_statue, minmay_temple_entry_poolview,
          minivault_26, uniq_edmund, uniq_eustachio, uniq_blork_the_orc
D:7:      layout_loops_corners, mainiacjoe_overflow_alcove_2,
          lemuel_doored_altar, mainiacjoe_overflow_boulevard, grunt_tough_drop,
          uniq_maggie
D:8:      layout_gridville, nicolae_overflow_hallway_of_the_gods
D:9:      layout_small_grid, kennysheep_mini_moat, hellmonk_lair_entry_icy,
          uniq_maurice, uniq_pikel
D:10:     cheibrodos_fzero, layout_long_grid,
          grunt_temple_overflow_gold_and_silver, serial_co_window_serial,
          co_window_corner_a, co_window_of_opportunity_a, co_window_corner_a,
          co_window_paths_b, co_window_cross_1, co_window_of_opportunity_a,
          co_window_paths_b, co_window_paths_a, co_window_paths_a,
          co_window_of_opportunity_b, co_window_of_opportunity_b,
          co_window_broadway_c, glass_columns_b, glass_columns_a,
          glass_columns_a, chequers_serial_rivers_large_a, uniq_gastronok
D:11:     layout_cave_pools, hiddenorc2_lemuel, serial_rivers,
          chequers_serial_rivers_micro_a, chequers_serial_rivers_small_3,
          chequers_serial_rivers_micro_b, chequers_serial_rivers_large_b,
          chequers_serial_rivers_room_a, grunt_decor_resistance, uniq_amaemon
D:12:     layout_cave_pods, portal_ice_cave_rime, roderic_lattice_a
D:13:     layout_cave_pods, uniq_erolcha
D:14:     layout_basic, hangedman_vaults_entry_quadrant_bands, solitary_fountain
D:15:     gammafunk_enter_depths_forms, layout_rooms, minmay_misc_feat_rows
Temple:   corrupted_temple
Lair:1:   layout_loops_ring, nzn_masters_of_martial_movement,
          serial_bayou_shore_b, infiniplex_staircase_pool
Lair:2:   nzn_winding_woodlands_stair_cross [nzn_winding_woodlands_5x15_eye,
          nzn_winding_woodlands_center_triple_pond,
          nzn_winding_woodlands_5x15_pockets, nzn_winding_woodlands_5x5_three,
          nzn_winding_woodlands_5x5_checkerboard,
          nzn_winding_woodlands_5x15_sidewinder,
          nzn_winding_woodlands_center_garden,
          nzn_winding_woodlands_5x15_split_checker], layout_misc_corridors,
          minmay_shoals_entry_centaurs, ebering_ghost_funeral_grove,
          nicolae_lair_run_with_the_wolves
Lair:3:   hellmonk_destroyed_diamonds, layout_loops_ring,
          spider_nest_entry_funnel_web, uniq_fannar
Lair:4:   layout_gridlike, minivault_25, uniq_rupert, uniq_kirke
Lair:5:   hangedman_lair_caniforms_friends, layout_regular_city, slime_entry_1,
          gauntlet_entry_generic
Shoals:1: layout_shoals, serial_shops, nicolae_shop_rolling_square, shop_statue,
          nicolae_take_the_stairs, shop, shop, nicolae_shoals_mertower,
          uniq_josephine
Shoals:2: cheibrodos_shoals_baths, layout_shoals, uniq_jorgrun
Shoals:3: layout_shoals, serial_nicolae_subway, nicolae_sub_station_crystal,
          nicolae_sub_station_metal, nicolae_sub_station_stone, uniq_ilsuiw,
          uniq_polyphemus
Shoals:4: shoals_end_hangedman, layout_shoals, shoals_ilsuiw_alternative,
          lemuel_oklob_altar
Spider:1: layout_spider_delve
Spider:2: layout_chambers, nicolae_spider_world_wide_web
Spider:3: layout_spider_delve, nicolae_spider_nook, uniq_nikola, uniq_arachne
Spider:4: hellmonk_spider_rune_endless_swarm, uniq_agnes
Slime:1:  layout_caves
Slime:2:  layout_caves
Slime:3:  layout_caves, nicolae_slime_rock_hall_of_fame
Slime:4:  layout_caves
Slime:5
Orc:1:    layout_caves
Orc:2:    st_orc_mages, layout_diamond_mine
Elf:1:    elf_arrival_002, layout_gridlike, kennysheep_underground_church,
          nicolae_elf_deep_mausoleum, minmay_shop_grove
Elf:2:    nicolae_elf_blades_splatter_lattice [nicolae_blade_little_rooms],
          layout_loops_ring, basic_altar, serial_shops, nicolae_shop_waterfront,
          grunt_ministairs_5
Elf:3:    minmay_elf_hall_quartered_circle, layout_geoelf_diagonals
Vaults:1: nicolae_vaults_house_3, serial_ice_g,
          nicolae_vaults_heart-shaped_vault, nicolae_vaults_lightning_bolt,
          v_misc_32, v_rooms_6, nicolae_vaults_taking_the_gang_shopping,
          hangedman_vaults_snaps, vaults_dpeg_hooks,
          nicolae_vaults_an_arrangement, v_misc_19,
          nicolae_vaults_mini_display_case, layout_vaults_big_room,
          serial_shops, bzr_in_the_mist
Vaults:2: v_misc_18, nicolae_vaults_shrinking_rooms_2,
          nicolae_vaults_doubleplus_tesselated, v_alt_pattern_6,
          minmay_crypt_entry_simple_round, nicolae_vaults_ring_of_whatevers,
          v_pattern_3, nicolae_vaults_surprise_closet,
          ontoclasm_vaults_ligature, nicolae_vaults_trapezoid_4,
          nicolae_vaults_diagonal_hallway_6, layout_vaults_ring, serial_shops,
          shop
Vaults:3: st_greater_box_3, hangedman_vaults_pinch,
          nicolae_vaults_variable_pillar_hall, vaults_room_hallway,
          nicolae_vaults_rhombus_6, nicolae_vaults_closet_pinwheel_4,
          nicolae_vaults_diamond_2, nicolae_vaults_surprise_closet,
          nicolae_vaults_alarming, nicolae_vaults_little_squares_4,
          ontoclasm_vaults_pinch, nicolae_vaults_heart-shaped_vault,
          nicolae_vaults_diamond_1, nicolae_vaults_storage_closets_2,
          layout_vaults_maze_bifur
Vaults:4: nicolae_vaults_closet_pinwheel_5, v_rooms_3, ontoclasm_vaults_fault,
          nicolae_vaults_tetromino_L_2, v_misc_28, nicolae_vaults_network_s,
          ontoclasm_vaults_misaligned, ontoclasm_vaults_misaligned,
          vaults_mumra_hex, nicolae_vaults_closet_pinwheel_2,
          layout_vaults_omnicross, serial_shops, nicolae_shop_waterfront
Crypt:1:  evilmike_wizard_prison, layout_chaotic_city, nicolae_crypt_soggy_tomb,
          nicolae_danse_macabre, uniq_josephina
Crypt:2:  layout_chaotic_city, small_statue_intersection, st_stairs_5,
          grunt_ministairs_12, serial_sigils_hangedman_shear,
          hangedman_feature_mirror, minivault_24
Crypt:3:  church_of_pain_bobbens, layout_chaotic_city, uniq_sojobo
Tomb:1
Depths:1: layout_roguey, ziggurat_fallback, hangedman_abyss_entry_splay,
          serial_shops, nicolae_shop_waterfront, nrook_uturn,
          gammafunk_ghost_arena, hell_entry, grunt_decor_cap,
          nicolae_elemental_shop, hangedman_decor_opposing,
          minmay_misc_feat_square, reono_crystal_passage,
          minmay_the_grid_square_5x5_3x3_mashed
          [minmay_the_grid_square_5x5_pentomino_r,
          minmay_the_grid_square_5x5_shrine2, minmay_the_grid_square_5x5_v,
          minmay_the_grid_square_5x5_forky,
          minmay_the_grid_square_5x5_megaprize_open,
          minmay_the_grid_square_5x5_c, minmay_the_grid_square_5x5_n_small,
          minmay_the_grid_square_5x5_inner_v,
          minmay_the_grid_square_5x5_two_small], uniq_asterion, uniq_bai_suzhen,
          uniq_saint_roka
Depths:2: hangedman_cross_cluster, layout_gridville, pan_entry, abyss_entry,
          lightli_too_deep, minislime_mu
Depths:3: minmay_textured_paths, layout_long_grid, muffindrake_ghost_dual_entry,
          hell_entry, serial_bayou_lagoon_a, minmay_room_of_horrors,
          grunt_decor_one_mirror, minmay_staircase_windowed_small
Depths:4: grunt_zot_entry_hairpin, layout_cave_pools, serial_shops, shop,
          rand_demon_pan_entry_9, hangedman_coc_ice_floe,
          hangedman_corner_corridor
Hell
Dis:1:    layout_gridville
Dis:2:    layout_regular_city
Dis:3:    layout_subdivisions
Dis:4:    layout_gridville
Dis:5:    layout_overlapping_boxes
Dis:6:    layout_gridville, nicolae_hells_hurtin_island
Dis:7:    dis_st
Geh:1:    layout_gehenna_lava_caves
Geh:2:    layout_gehenna_pools_box
Geh:3:    layout_gehenna_pools_box
Geh:4:    layout_gehenna_pools_triple, lemuel_flamethrower_3
Geh:5:    layout_gehenna_lava_caves, evilmike_ambush
          [evilmike_ambush_outer_corners, evilmike_ambush_inner_pond]
Geh:6:    layout_gehenna_pools_triple, nicolae_geh_amphitheater
Geh:7:    geh_mu
Coc:1:    layout_cocytus_water_paths
Coc:2:    layout_cocytus_water_paths
Coc:3:    layout_cocytus_water_paths
Coc:4:    layout_cocytus_delve
Coc:5:    nicolae_hells_demon_pit, layout_ice_bergs
Coc:6:    layout_ice_bergs
Coc:7:    coc_hangedman
Tar:1:    layout_grid_maze
Tar:2:    layout_cathedral_of_symmetry, nicolae_tar_cuneiform_city
Tar:3:    layout_catacombs
Tar:4:    layout_grid_maze
Tar:5:    layout_grid_maze
Tar:6:    layout_grid_maze
Tar:7:    tar_old
Zot:1:    layout_basic, uniq_grunn

Skill      XL: |  1  2  3  4  5  6  7  8  9 10 11 12 13 14 15 16 17 18 19 20 21 22 23 24 25 26 27 |
---------------+----------------------------------------------------------------------------------+-----
Fighting       | 1 2 3 5 6 7 8 10 12 13 15 16 17 18 24 | 24.2
Earth Magic    | 4 5 6 7 8 9 10 12 13 15 16 17 18 20 23 24 25 26 27 | 27.0
Conjurations   | 1 2 3 5 6 7 9 10 11 12 14 15 16 17 18 24 | 24.0
Spellcasting   | 3 4 5 7 8 9 10 12 13 14 15 17 18 19 23 | 23.6
Maces & Flails | 1 2 3 5 6 7 8 11 13 18 | 18.3
Evocations     | 1 3 5 6 7 11 | 11.4
Armour         | 1 3 4 8 9 10 12 13 16 | 16.3
Dodging        | 3 5 9 11 13 | 13.6
Shields        | 2 5 9 10 15 | 15.5
Air Magic      | 2 5 9 |  9.2
Ice Magic      | 2 5 9 |  9.8
Translocations | 2 |  2.6
Transmutations | 1 |  1.5
Fire Magic     | 9 |  9.0
Stealth        | 8 10 | 10.6
Necromancy     | 12 | 12.9

Action                     |  1- 3 |  4- 6 |  7- 9 | 10-12 | 13-15 | 16-18 | 19-21 | 22-24 | 25-27 || total
---------------------------+-------+-------+-------+-------+-------+-------+-------+-------+-------++-------
  Melee: Unarmed           |    19 |       |       |       |       |       |       |       |       ||    19
         Dagger            |    15 |       |       |       |       |       |       |       |       ||    15
         Punch             |     1 |       |     2 |       |       |       |       |       |       ||     3
         Whip              |       |    43 |    79 |       |       |       |       |       |       ||   122
         Dire flail        |       |       |    66 |   364 |       |       |       |       |       ||   430
         Flail             |       |       |    38 |       |       |       |       |   205 |  2451 ||  2694
         Morningstar       |       |       |       |    50 |   845 |   976 |   909 |   335 |       ||  3115
         Staff             |       |       |       |       |    43 |       |       |       |       ||    43
   Cast: Sandblast         |    46 |    45 |    10 |     1 |       |       |       |       |       ||   102
         Stone Arrow       |       |       |    48 |   205 |    97 |    76 |     5 |       |     2 ||   433
         Magic Dart        |       |       |       |    19 |    57 |    61 |    31 |    22 |    12 ||   202
         Lee's Rapid Decon |       |       |       |       |   295 |    63 |    16 |     3 |     4 ||   381
         Freezing Cloud    |       |       |       |       |     6 |    77 |    35 |     5 |     2 ||   125
         Passwall          |       |       |       |       |     1 |       |     5 |       |     1 ||     7
         Irradiate         |       |       |       |       |       |    45 |    23 |     8 |    52 ||   128
         Iskenderun's Myst |       |       |       |       |       |    54 |    51 |    24 |   110 ||   239
         Iron Shot         |       |       |       |       |       |   177 |   260 |   207 |   218 ||   862
         Starburst         |       |       |       |       |       |    28 |    39 |    12 |    51 ||   130
         Apportation       |       |       |       |       |       |     7 |     2 |       |     4 ||    13
         Shatter           |       |       |       |       |       |       |     5 |   150 |   555 ||   710
         Blink             |       |       |       |       |       |       |       |     2 |     6 ||     8
         Ozocubu's Armour  |       |       |       |       |       |       |       |       |    10 ||    10
         Lehudib's Crystal |       |       |       |       |       |       |       |       |   526 ||   526
         Dispel Undead     |       |       |       |       |       |       |       |       |     3 ||     3
         Swiftness         |       |       |       |       |       |       |       |       |     3 ||     3
         Fireball          |       |       |       |       |       |       |       |       |     2 ||     2
Ability: Evoke Blink       |       |       |       |       |       |       |       |       |     4 ||     4
  Evoke: Wand              |       |     1 |     6 |    47 |    23 |    20 |     6 |     1 |    42 ||   146
         Phantom mirror    |       |       |       |       |     1 |       |       |       |     1 ||     2
    Use: Scroll            |       |    11 |     8 |    13 |    12 |     9 |     6 |    10 |    33 ||   102
         Potion            |       |     1 |       |    11 |     6 |    10 |     3 |     2 |    17 ||    50
   Stab: Sleeping          |     1 |     2 |     3 |     1 |     4 |     5 |     7 |     2 |    11 ||    36
         Distracted        |       |       |       |       |       |     1 |       |       |     6 ||     7
 Armour: Robe              |    22 |    18 |    66 |       |       |    60 |   469 |   265 |   209 ||  1109
         Acid dragon scale |       |       |    44 |   333 |   587 |   801 |       |       |   996 ||  2761
         Skin              |       |       |       |     8 |       |       |       |       |       ||     8
         Fire dragon scale |       |       |       |       |       |       |       |       |   778 ||   778
  Dodge: Dodged            |    25 |    29 |   118 |   302 |   875 |  1232 |   605 |   251 |  1098 ||  4535
  Block: Buckler           |       |       |       |    11 |   447 |   223 |       |       |       ||   681
         Kite shield       |       |       |       |       |       |   616 |   570 |   300 |  1819 ||  3305
